 Dungeon Crawl Stone Soup version 0.31-a0-702-gf82c85558f (webtiles) character file.

Game seed: 17523781349544349288

106 qw the Shooter (level 4, 0/28 HPs)
             Began as a Gargoyle Hunter on Sept 7, 2023.
             Slain by a gnoll
             ... wielding a +0 halberd
              (4 damage)
             ... on level 3 of the Dungeon.
             The game lasted 00:00:42 (1619 turns).

qw the Shooter (Gargoyle Hunter)                    Turns: 1619, Time: 00:00:43

Health: 0/28       AC:  8    Str: 14 (15) XL:     4   Next: 84%
Magic:  4/4        EV: 10    Int:  9      God:
Gold:   96         SH:  0    Dex: 12 (15) Spells: 3/3 levels left

rFire   . . .        Y - +0 shortbow
rCold   . . .        (shield currently unavailable)
rNeg    + . .        g - +0 ring mail
rPois   inf          (no helmet)
rElec   +            (no cloak)
rCorr   .            (no gloves)
SInv    .            (no boots)
Will    .....        (no amulet)
Stlth   +            (no ring)
HPRegen 0.24/turn    (no ring)
MPRegen 0.09/turn

%: no passive effects
@: no status effects
A: sickness immunity, AC +3, negative energy resistance 1, electricity
resistance, torment resistance 1, petrification resistance
a: no special abilities


You were on level 3 of the Dungeon.
You visited 1 branch of the dungeon, and saw 3 of its levels.

You collected 96 gold pieces.


Innate Abilities, Weirdness & Mutations

You are immune to sickness and miasma.
Your stone body is resilient. (AC +3)
You are immune to poison.
You resist negative energy. (rN+)
You are resistant to electric shocks. (rElec)
You are resistant to unholy torment.
You are immune to petrification.


   Skills:
 - Level 3.0 Fighting
 + Level 5.6 Ranged Weapons
 - Level 1.0 Armour
 - Level 1.5 Dodging
 - Level 1.1 Stealth


You had 3 spell levels left.
You didn't know any spells.
Your spell library was empty.

Inventory:

Hand Weapons
 Y - a +0 shortbow (weapon)
Armour
 g - a +0 ring mail (worn)
Potions
 a - 2 potions of haste {unknown}
 c - a potion of curing {unknown}
 d - a potion of invisibility {unknown}
 e - a potion of attraction {unknown}

Dungeon Overview and Level Annotations

Branches:
Dungeon (3/15)

Altars:
Xom

Shops:
D:1 =


Message History

1607 ||| Stepping ~*~*~tactically~*~*~ (retreating).
The gnoll attacks as it pursues you! The gnoll barely misses you.
You shoot an arrow. The arrow barely misses the gnoll.
The gnoll closely misses you.
You shoot an arrow. The arrow barely misses the gnoll.
The arrow hits the gnoll.
The gnoll is heavily wounded.
The gnoll barely misses you. The gnoll hits you with a +0 flail.
You shoot an arrow. The arrow hits the gnoll.
The gnoll is moderately wounded.
The gnoll hits you with a +0 flail.
You shoot an arrow. The arrow hits the gnoll.
The gnoll is heavily wounded.
The gnoll completely misses you.
You shoot an arrow.
The arrow hits the gnoll but does no damage.
The gnoll is heavily wounded.
The gnoll hits you with a +0 flail.
You shoot an arrow. The arrow closely misses the gnoll. x2
The gnoll barely misses you. The gnoll misses you.
The gnoll hits you but does no damage.
You shoot an arrow. The arrow hits the gnoll.
The gnoll is almost dead.
The gnoll hits you from afar with a +0 halberd!
The gnoll hits you but does no damage.
You shoot an arrow. The arrow barely misses the gnoll.
The arrow hits the gnoll!
You kill the gnoll!
The gnoll closely misses you. The gnoll hits you with a +0 flail.
You shoot an arrow. The arrow hits the gnoll!
You kill the gnoll!
The gnoll closely misses you.
You feel your intelligence returning.
You shoot an arrow. The arrow hits the gnoll.
The gnoll is lightly wounded.
The gnoll barely misses you. The gnoll hits you but does no damage.
You shoot an arrow. The arrow closely misses the gnoll.
The gnoll misses you.
You shoot an arrow. The arrow hits the gnoll!
The gnoll is almost dead.
The gnoll hits you from afar with a +0 halberd.
You die...

#.<...............
##.....#.#.########
+.....#.#........#
#.......#.######.#
#####+#.###........#
....................
#######.............
........############
:........))@.....#
########.g######.#
##%.# ..... ......#
.......# .........
g..........
.....#####...


You could see a gnoll.

Vanquished Creatures
  2 gnolls (D:3)
  An adder (D:2)
  2 worms (D:2)
  A dart slug (D:1)
  9 endoplasms
  3 giant cockroaches
  5 goblins
  9 hobgoblins
  2 jackals (D:1)
  3 quokkas (D:1)
  12 ball pythons
  4 bats
  5 frilled lizards
  A kobold (D:2)
  6 rats
65 creatures vanquished.

Vanquished Creatures (others)
  A worm (D:3)
  A dart slug (D:3)
  A jackal (D:3)
  3 ball pythons (D:3)
  A frilled lizard (D:3)
7 creatures vanquished.

Grand Total: 72 creatures vanquished

Notes
Turn   | Place    | Note
-------+----------+-------------------------------------------
     0 | D:1      | qw the Gargoyle Hunter began the quest for the Orb.
     0 | D:1      | Reached XP level 1. HP: 12/12 MP: 1/1
     0 | D:1      | 0 ||| qw: Version: 0.3-a-76-g4403597
     0 | D:1      | 0 ||| qw: Game counter: 862
     0 | D:1      | 0 ||| qw: Melee chars always use a shield: true
     0 | D:1      | 0 ||| qw: God list: Okawaru
     0 | D:1      | 0 ||| qw: Allow faded altars: false
     0 | D:1      | 0 ||| qw: Do Orc after clearing Dungeon:15 true
     0 | D:1      | 0 ||| qw: Do second Lair branch before Depths: true
     0 | D:1      | 0 ||| qw: Lair rune preference: random
     0 | D:1      | 0 ||| qw: Goals: Normal
     0 | D:1      | 0 ||| PLANNING D:1-11
    44 | D:1      | Found Jaecw's One-of-a-Kind Rings.
    50 | D:1      | 50 ||| SHOPLISTING +2 ring of strength (42 gold, have 11).
    50 | D:1      | 50 ||| SHOPLISTING +4 ring of dexterity (210 gold, have
                  | 11).
    50 | D:1      | 50 ||| SHOPLISTING +5 ring of protection (770 gold, have
                  | 11).
    50 | D:1      | 50 ||| SHOPLISTING +9 ring of strength (1092 gold, have
                  | 11).
    50 | D:1      | 50 ||| SHOPLISTING ring "Nifecwil" {rF+ rC+ Dex+6} (722
                  | gold, have 11).
    50 | D:1      | 50 ||| SHOPLISTING ring of Amelioration {+Blink Fly rElec
                  | rC- Dex+6} (729 gold, have 11).
    50 | D:1      | 50 ||| SHOPLISTING ring of Xom's Flight of Fancy {rN+ Int+3
                  | Dex+3} (554 gold, have 11).
   151 | D:1      | Reached XP level 2. HP: 17/17 MP: 2/2
   453 | D:1      | Reached XP level 3. HP: 21/21 MP: 3/3
   505 | D:1      | Reached skill level 5 in Ranged Weapons
  1013 | D:1      | 1013 ||| UPGRADING to +0 ring mail.
  1023 | D:1      | 1023 ||| DROPPING +0 leather armour.
  1024 | D:1      | 1024 ||| READING scroll labelled FAUSIA MOLARO.
  1025 | D:1      | 1025 ||| READING scroll labelled WIMUOR WIHUG.
  1026 | D:1      | 1026 ||| DROPPING scroll of butterflies.
  1158 | D:2      | Identified the +10 mace "Olaweppi" {freeze, SInv}
  1175 | D:2      | Reached skill level 1 in Armour
  1227 | D:2      | Reached XP level 4. HP: 27/27 MP: 4/4
  1256 | D:2      | Reached skill level 3 in Fighting
  1538 | D:2      | 1538 ||| READING scroll labelled ZUDEKK GIGOSA.
  1539 | D:2      | 1539 ||| READING scroll labelled BINIORIUNT.
  1544 | D:2      | 1544 ||| DRINKING 2 puce potions.
  1545 | D:2      | 1545 ||| DROPPING potion of degeneration.
  1566 | D:3      | Noticed an ogre
  1575 | D:3      | Found a shimmering altar of Xom.
  1606 | D:3      | 1606 ||| Stepping ~*~*~tactically~*~*~ (retreating).
  1607 | D:3      | 1607 ||| Stepping ~*~*~tactically~*~*~ (retreating).
  1614 | D:3      | HP: 5/28 [gnoll/+0 halberd (8)]
  1619 | D:3      | Slain by a gnoll

Levels and vault maps discovered:
D:1:      scummos_arrival_star, layout_basic, chequers_hall_statues_y,
          nicolae_shop_unique_rings, minmay_shallow_snake_nest
D:2:      layout_rooms
D:3:      layout_basic, xom_confusion_cloud, mainiacjoe_overflow_alcove_4

Skill      XL: |  1  2  3  4 |
---------------+-------------+-----
Ranged Weapons | 5 |  5.6
Armour         | 1 |  1.0
Fighting       | 3 |  3.0
Dodging        | |  1.5
Stealth        | |  1.1

Action                     |  1- 3 |  4- 6 || total
---------------------------+-------+-------++-------
   Fire: Shortbow          |   124 |    53 ||   177
    Use: Scroll            |     2 |     2 ||     4
         Potion            |       |     1 ||     1
 Armour: Leather armour    |    18 |       ||    18
         Ring mail         |     1 |    15 ||    16
  Dodge: Dodged            |    26 |    14 ||    40

Table legend:
 A = Non-vault XP
 B = Vault XP
 C = Vault XP percentage of total XP
 D = Non-vault monster count
 E = Vault monster count
 F = Vault count percentage of total count
                 A         B        C        D         E       F
            +---------+---------+-------+---------+---------+-------
      Total |     148 |       4 |   2.6 |      63 |       3 |   4.5
            +---------+---------+-------+---------+---------+-------
        D:1 |      62 |       3 |   4.6 |      36 |       2 |   5.3
        D:2 |      54 |       0 |   0.0 |      23 |       0 |   0.0
        D:3 |      32 |       1 |   3.0 |       4 |       1 |  20.0
            +---------+---------+-------+---------+---------+-------
